 Dungeon Crawl Stone Soup version 0.27.1-33-g824d729ab1 (webtiles) character file.

Game seed: 13779840884890799870

7 Cykl0x the Ruffian (level 2, -1/16 HPs)
             Began as a Gargoyle Transmuter on Nov 29, 2021.
             Slain by a jackal (3 damage)
             ... on level 1 of the Dungeon.
             The game lasted 00:01:08 (117 turns).

Cykl0x the Ruffian (Gargoyle Transmuter)             Turns: 117, Time: 00:01:09

Health: -1/16      AC:  4    Str: 13    XL:     2   Next: 0%
Magic:  5/5        EV: 12    Int: 13    God:
Gold:   0          SH:  0    Dex: 10    Spells: 4/5 levels left

rFire    . . .     SeeInvis .     - Unarmed
rCold    . . .     Faith    .   (no shield)
rNeg     + . .     Spirit   .   a - +0 robe
rPois    ∞         Reflect  .   (no helmet)
rElec    +         Harm     .   (no cloak)
rCorr    .         Rampage  .   (no gloves)
Will     .....                  (no boots)
Stlth    +.........             (no amulet)
HPRegen  0.05/turn              (no ring)
MPRegen  0.09/turn              (no ring)

@: brilliant
A: sickness immunity, AC +2, negative energy resistance 1, electricity
resistance, torment resistance 1, petrification resistance
a: no special abilities


You were on level 1 of the Dungeon.
You visited 1 branch of the dungeon, and saw 1 of its levels.

Inventory:

Armour
 a - a +0 robe (worn)


   Skills:
 + Level 1.1 Fighting
 + Level 1.7 Dodging
 + Level 3.2 Unarmed Combat
 + Level 2.0 Spellcasting
 + Level 1.6 Transmutations


You had 4 spell levels left.
You knew the following spells:

 Your Spells              Type           Power      Damage    Failure   Level
a - Beastly Appendage     Tmut           16%        N/A       13%         1

Your spell library contained the following spells:

 Spells                   Type           Power      Damage    Failure   Level
 Wereblood                Tmut           8%         N/A       19%         2
 Spider Form              Tmut/Pois      2%         N/A       47%         3
 Ice Form                 Ice/Tmut       5%         N/A       87%         4


Dungeon Overview and Level Annotations

Branches:
Dungeon (1/15)

Altars:


Innate Abilities, Weirdness & Mutations

You are immune to sickness and miasma.
Your stone body is resilient. (AC +2)
You are immune to poison.
You resist negative energy. (rN+)
You are resistant to electric shocks. (rElec)
You are resistant to unholy torment.
You are immune to petrification.


Message History

The giant cockroach misses you.
Found a murky amethyst potion and a pair of glowing boots.
An endoplasm comes into view.
The giant cockroach bites you but does no damage.
Things that are here:
a jackal corpse; a jackal corpse The giant cockroach bites you but does no damage.
A kobold comes into view. It is wielding a +0 club.
The kobold shouts!
The giant cockroach barely misses you.
The endoplasm quivers.
The endoplasm misses you. The giant cockroach closely misses you.
Things that are here:
a jackal corpse; a jackal corpse The giant cockroach closely misses you.
The giant cockroach bites you.
* * * LOW HITPOINT WARNING * * *
The giant cockroach closely misses you. The giant cockroach barely misses you.
Things that are here:
a jackal corpse; a jackal corpse The giant cockroach waves its antennae.
The jackal bites you.
* * * LOW HITPOINT WARNING * * *
The jackal bites you but does no damage.
The jackal barely misses you. The jackal barely misses you.
Found a ruby potion.
The jackal closely misses you. The jackal barely misses you.
The jackal barely misses you. The jackal completely misses you.
The jackal bites you but does no damage.
The jackal bites you but does no damage.
You see here a ruby potion.
It was a potion of brilliance.
You feel clever all of a sudden. The jackal barely misses you.
The jackal bites you.
You die...

#†###..# #....B.#
##########.###.##
##.B..B.....###.#
#..##.##........#
#.#.###.#.#.#####
#B##.!.##.#.#
##..#[..#..#.#
#.K##h@.##...#
#..#K###.#...#
#..B## #..#.#
#.#.......##.#
#.##.###.## #. ..
## ###


You could see a jackal, a giant cockroach and a kobold.

Vanquished Creatures
  An endoplasm (D:1)
  A hobgoblin (D:1)
  3 jackals (D:1)
5 creatures vanquished.

Notes
Turn   | Place    | Note
-------+----------+-------------------------------------------
     0 | D:1      | Cykl0x the Gargoyle Transmuter began the quest for the Orb.
     0 | D:1      | Reached XP level 1. HP: 12/12 MP: 3/3
    37 | D:1      | Reached XP level 2. HP: 3/16 MP: 3/5
   117 | D:1      | Slain by a jackal

Illustrated notes

Levels and vault maps discovered:
D:1:      lightli_arrival_boilingwater, layout_loops_ring,
          shapermc_ecumenical_altar_pompeii, minmay_heptomino_d4

Action                   || total
-------------------------++-------
Melee: Unarmed           ||    22
       Kick              ||     6
       Headbutt          ||     1
 Cast: Beastly Appendage ||     2
  Use: Potion            ||     1
Armor: Robe              ||     9
Dodge: Dodged            ||    28
